Unix NetHack Version 5.0.0-0 post-release - last build Jun 10 2026 00:39:30 (3ee93aec679c4c4259841fe613dc97188e26a321,branch:main).

Game began 2026-06-12 01:36:37, ended 2026-06-15 23:19:58.

BaeHund, chaotic female dwarven Valkyrie

                                --------------
                               |...............
                              --...----+----...-
                             |....          -....
                          ----...            -...
            -----       ........              ...
             ...|       ...----
     ---------..--      -%--
    4|.......|...--     %).
     |......D|..45--- .....
     |..%@...A@%.a.-@. A@
     |.A....D|....---!..
     |.......|...--
     ---------..--
      1      ...|
            -----

BaeHund the Swashbuckler    St:25 Dx:18 Co:19 In:11 Wi:16 Ch:14  Chaotic
Astral Plane $:0  HP:171(248) Pw:23(23) AC:-19 Xp:19 T:33294 

Latest messages:
 The priestess of Odin hits the Angel of Loki.
 The Angel of Tyr swings her long sword at the high priest of Loki.
 The Angel of Tyr hits the high priest of Loki.
 The Angel of Tyr swings her long sword at the high priest of Loki.
 The Angel of Tyr hits the high priest of Loki.
 The Angel of Tyr hits the high priest of Loki.
 The high priest of Loki swings his mace at the Angel of Tyr.
 The high priest of Loki hits the Angel of Tyr.
 The high priest of Loki hits the Angel of Tyr.
 The Angel of Loki swings her long sword at the gray dragon.
 The Angel of Loki hits the gray dragon.
 The Angel of Loki swings her long sword at the gray dragon.
 The Angel of Loki hits the gray dragon.
 The Angel of Loki hits the gray dragon.
 The priestess of Odin swings her mace at the Angel of Loki.
 The priestess of Odin hits the Angel of Loki.
 The priestess of Odin misses the Angel of Loki.
 Pick a monster, object or location.
 The gray dragon bites the Angel of Loki.
 The gray dragon hits the Angel of Loki.
 The gray dragon hits the Angel of Loki.
 The Angel of Loki swings her long sword at the gray dragon.
 The Angel of Loki hits the gray dragon.
 The Angel of Loki swings her long sword at the gray dragon.
 The Angel of Loki hits the gray dragon.
 The Angel of Loki hits the gray dragon.
 The orange dragon bites the Angel of Loki.
 The orange dragon misses the Angel of Loki.
 The orange dragon hits the Angel of Loki.
 The Angel of Tyr swings her long sword at the high priest of Loki.
 The Angel of Tyr hits the high priest of Loki.
 The Angel of Tyr swings her long sword at the high priest of Loki.
 The Angel of Tyr hits the high priest of Loki.
 The Angel of Tyr hits the high priest of Loki.
 The high priest of Loki is killed!
 The priestess of Odin swings her mace at the Angel of Loki.
 The priestess of Odin misses the Angel of Loki.
 The priestess of Odin hits the Angel of Loki.
 What do you want to sacrifice? [k or ?*] k
 You offer the Amulet of Yendor to Loki...
 An invisible choir sings, and you are bathed in radiance...
 The voice of Loki thunders: "Mortal, thou hast done well!"
 "In return for thy service, I grant thee the gift of Immortality!"
 You ascend to the status of Demigoddess...
 Do you want your possessions identified? [ynq] (y) y
 Do you want to see your attributes? [ynq] (y) y
 Do you want an account of creatures vanquished? [ynaq] (y) y
 Do you want a list of species genocided and extinct? [ynaq] (y) y
 Do you want to see your conduct and achievements? [ynq] (y) y
 Do you want to see the dungeon overview? [ynq] (y) y

Inventory:
 Amulets  ('"')
  n - an uncursed amulet of life saving
  D - an uncursed amulet of reflection (being worn)
 Weapons  (')')
  a - the blessed rustproof +6 Excalibur (wielded in right hand)
  X - a blessed rustproof +6 katana (wielded in left hand)
 Armor    ('[')
  c - a blessed rustproof +4 helm of caution
  x - a cursed rusty -1 helm of opposite alignment (being worn)
  d - a blessed rustproof +4 pair of gauntlets of power (being worn)
  K - a blessed burnt +4 pair of speed boots (being worn)
  v - a blessed thoroughly burnt +4 cloak of protection (being worn)
  l - a cursed +4 Hawaiian shirt with a bird of paradise motif (being worn)
  m - a blessed rotproof +4 gray dragon scale mail (being worn)
 Comestibles  ('%')
  f - a cursed food ration
 Spellbooks  ('+')
  W - the cursed Book of the Dead
 Potions  ('!')
  j - a blessed potion of full healing
 Rings    ('=')
  o - a blessed ring of conflict (on left hand)
  p - an uncursed ring of free action (on right hand)
  O - an uncursed ring of levitation
  T - an uncursed ring of teleport control
 Wands    ('/')
  F - a wand of death (0:0)
  R - a wand of digging (0:8)
  g - a wand of digging (0:5)
  q - a wand of digging (0:2)
  Q - a wand of digging (0:0)
  h - a cursed wand of secret door detection (0:10)
  w - a cursed wand of stasis (0:5)
  P - a wand of teleportation (0:4)
 Tools    ('(')
  b - a blessed bag of holding containing 55 items
  Z - the cursed Bell of Opening (0:0)
  N - an uncursed blindfold
  E - the uncursed Candelabrum of Invocation (0 of 7 candles attached)
  H - a magic marker (0:25)
  Y - the Orb of Fate (0:2)
  S - an uncursed skeleton key
  s - a +0 unicorn horn
 Gems/Stones  ('*')
  A - a blessed luckstone

Contents of the bag of holding:
  an uncursed amulet of life saving
  an uncursed amulet of magical breathing
  the blessed rustproof +4 Mjollnir
  an uncursed +0 pair of water walking boots
  an uncursed +0 alchemy smock with text "Don't mess with the chef"
  4 uncursed C-rations
  18 uncursed food rations
  2 uncursed K-rations
  an uncursed pancake
  an uncursed sprig of wolfsbane
  an uncursed lizard corpse
  an uncursed lizard corpse
  an uncursed scroll of confuse monster
  a cursed scroll of confuse monster
  2 uncursed scrolls of create monster
  a blessed scroll of destroy armor
  an uncursed scroll of destroy armor
  a cursed scroll of earth
  6 blessed scrolls of enchant weapon
  an uncursed scroll of gold detection
  2 cursed scrolls of light
  an uncursed scroll of scare monster
  an uncursed scroll of scare monster
  2 uncursed scrolls of teleportation
  a cursed scroll of teleportation
  an uncursed potion of enlightenment
  an uncursed potion of fruit juice
  a cursed potion of gain energy
  a cursed potion of healing
  a cursed potion of paralysis
  3 uncursed diluted potions of restore ability
  a blessed potion of sickness
  an uncursed diluted potion of sickness
  2 cursed diluted potions of speed
  a potion of holy water
  3 potions of unholy water
  an uncursed ring of free action
  an uncursed ring of shock resistance
  a wand of create monster (0:14)
  a wand of create monster (0:7)
  a wand of fire (0:5)
  a wand of fire (0:0)
  a wand of lightning (0:5)
  a wand of lightning (0:1)
  a wand of magic missile (0:7)
  a wand of polymorph (0:0)
  a wand of sleep (0:6)
  a wand of sleep (0:3)
  a wand of sleep (0:2)
  a wand of stasis (0:5)
  a wand of teleportation (0:8)
  a wand of teleportation (0:5)
  a wand of teleportation (0:1)
  a wand of teleportation (0:0)
  a wand of wishing (0:0)

BaeHund the Valkyrie's attributes:

Background:
 You were a Swashbuckler, a level 19 dwarven Valkyrie.
 You were chaotic, temporarily on a mission for Loki
 who was opposed by Tyr (lawful) and Odin (neutral).
 You were actually lawful.
 You were right-handed.
 You were in the endgame, on the Astral Plane.
 You entered the dungeon 33294 turns ago.
 It was nighttime.
 There was a new moon in effect when your adventure ended.
 You had 2602053 experience points, 2517947 more were needed for level 20.

Basics:
 You had 171 out of 248 hit points.
 You had all 23 energy points (spell power).
 Your armor class was -19.
 Your wallet was empty.
 Autopickup was off.

Final Characteristics:
 Your strength was 25 (base:18/05, peak:18/06, innate limit:18/100).
 Your dexterity was 18 (peak:19, limit:20).
 Your constitution was 19 (limit:20).
 Your intelligence was 11 (limit:16).
 Your wisdom was 16 (limit:16).
 Your charisma was 14 (limit:16).

Final Status:
 You weren't hungry.
 You were unencumbered.
 You were wielding two weapons at once.
 Your skill in long sword was limited by being skilled with two weapons.

Final Attributes:
 You were fervently aligned.
 You were magic-protected.
 You were fire resistant.
 You were cold resistant.
 You were disintegration resistant.
 You were poison resistant.
 You were level-drain resistant.
 You saw invisible.
 You were telepathic.
 You were warned.
 You had automatic searching.
 You had infravision.
 You were stealthy.
 You caused conflict.
 You were protected.
 You took half physical damage.
 You took half spell damage.
 You were very fast.
 You had reflection.
 You had free action.
 You were extremely lucky.
 You had extra luck.
 Good luck did not time out for you.
 You survived.

Miscellaneous:
 You encountered 3 bones levels.
 Total elapsed playing time was 13 hours, 38 minutes and 48 seconds.

Major events:
 Turn
    1: BaeHund the lawful dwarven Valkyrie entered the dungeon
 1146: entered the Gnomish Mines
 1438: attained the rank of Skirmisher (level 3)
 2403: attained the rank of Fighter (level 6)
 2450: reached Mine Town
 4612: entered the Bigroom
 4630: entered Sokoban
 8463: made her first wish - "blessed fixed +2 grey dragon scale mail", got "a gray dragon scale mail"
 8873: acquired the Mines' End luckstone
10147: completed 1st Sokoban level
10339: completed 2nd Sokoban level
10551: completed 3rd Sokoban level
11066: completed 4th Sokoban level
11107: attained the rank of Woman-at-arms (level 10)
11166: acquired the Sokoban amulet of reflection
13354: performed her first genocide (master mind flayers)
13383: entered Home 1, the Quest
14836: genocided mind flayers
16090: was bestowed with Mjollnir by Tyr
17128: killed Medusa
17208: genocided class L
18976: was given Excalibur by the Lady of the Lake
18984: wished for "blessed fixed +3 helm of caution", got "a visored helmet"
18986: attained the rank of Warrior (level 14)
19284: the Norn has granted access to proceed deeper into the quest
19301: entered Home 2, the Quest
19372: entered Home 3, the Quest
19519: entered Home 4, the Quest
19607: entered Home 5, the Quest
19637: found the Orb of Fate on the floor
19710: killed Lord Surtur
19712: acquired the Bell of Opening
20830: entered Gehennom
23290: killed Croesus
24650: killed Juiblex
25010: killed Asmodeus
25108: killed Baalzebub
25128: genocided class R
26052: destroyed Vlad the Impaler
26053: acquired the Candelabrum of Invocation
26327: killed Orcus
29613: attained the rank of Swashbuckler (level 18)
30589: killed the Wizard of Yendor
30592: acquired the Book of the Dead
30842: performed the invocation
30851: killed the Wizard of Yendor (2nd time)
30992: killed the high priestess of Moloch
30997: acquired The Amulet of Yendor
30998: wished for "blessed ring of conflict", got "a ruby ring"
31582: killed the Wizard of Yendor (3rd time)
32992: entered the Elemental Planes
32992: entered Plane of Earth
33022: entered Plane of Air
33077: killed the Wizard of Yendor (5th time)
33084: entered Plane of Fire
33109: entered Plane of Water
33110: genocided class ;
33235: entered the Astral Plane
33254: killed Famine
33278: Famine has been killed (2nd time)
33293: the high priest of Loki has been killed
33294: ascended

Spells:
 Name                 Level Category     Fail Retention
 healing                1   healing      100%    (gone)

Skills:
 Fighting Skills
   bare handed combat [Unskilled]
   two weapon combat  [Skilled]
   riding             [Unskilled]
 Weapon Skills
   dagger             [Basic]
   axe                [Unskilled]
   pick-axe           [Unskilled]
   short sword        [Unskilled]
   broadsword         [Unskilled]
   long sword         [Expert]
   two-handed sword   [Unskilled]
   saber              [Unskilled]
   hammer             [Skilled]
   quarterstaff       [Unskilled]
   polearms           [Unskilled]
   spear              [Expert]
   trident            [Unskilled]
   lance              [Unskilled]
   sling              [Unskilled]
 Spellcasting Skills
   attack spells      [Unskilled]
   escape spells      [Unskilled]

Voluntary challenges:
 Character rerolling was not enabled.
 You genocided 14 types of monsters.
 You used 3 wishes.
 You did not wish for any artifacts.
 You did not violate any of the special Sokoban rules.
Achievements:
 You entered a shop.
 You entered the Gnomish Mines.
 You attained the rank of Skirmisher.
 You attained the rank of Fighter.
 You entered Minetown.
 You entered the Big Room.
 You entered Sokoban.
 You entered a temple.
 You completed the Gnomish Mines.
 You attained the rank of Woman-at-arms.
 You completed Sokoban.
 You defeated Medusa.
 You attained the rank of Warrior.
 You had the Bell of Opening.
 You entered Gehennom.
 You had the Candelabrum of Invocation.
 You attained the rank of Swashbuckler.
 You had the Book of the Dead.
 You gained access to Moloch's Sanctum.
 You reached the Elemental Planes.
 You reached the Astral Plane.
 You delivered the Amulet of Yendor.
 You ascended!

 The Elemental Planes:
    Astral Plane: <- You are here.
       A temple and an altar to Loki.
    Plane of Water:
    Plane of Fire:
    Plane of Air:
    Plane of Earth:
 The Dungeons of Doom: levels 1 to 29
    Level 1:
       A fountain.
       One way stairs up to The Elemental Planes.
    Level 2:
       A fountain.
    Level 3:
       Some fountains.
    Level 4:
       A tool shop.
       Stairs down to The Gnomish Mines.
    Level 5:
       Final resting place for
          mracich-Val-Hum-Fem-Neu, killed by a Woodland-elf.
    Level 6:
       A fountain.
    Level 7: "both wooden shields"
       An armor shop, a fountain.
    Level 8:
       A fountain.
       Oracle of Delphi.
    Level 9: "BIG ROOM BELOW"
       A sink.
       Stairs up to Sokoban, level 8.
    Level 10:
       A very big room.
    Level 11:
       An altar.
    Level 12:
       A grave.
    Level 13:
    Level 14:
       A general store.
       Portal to Fort Ludios.
    Level 15:
       A temple and an altar to Loki, a grave.
       Portal to The Quest.
    Level 16:
       A sink.
    Level 17:
       An armor shop.
    Level 18:
       A primitive area.
    Level 19:
    Level 20:
       A sink.
    Level 21:
       A fountain.
    Level 22:
    Level 23:
    Level 24:
    Level 25:
       A temple and an altar, a grave.
    Level 26:
    Level 27:
       A temple and an altar to Loki.
    Level 28:
       Some fountains, many trees.
    Level 29:
       Connection to Gehennom.
 Gehennom: levels 30 to 53
    Level 30:
       A temple and an altar, many graves.
       Valley of the Dead.
    Level 31:
    Level 32:
    Level 33:
       A fountain.
    Level 34:
    Level 35:
    Level 36:
    Level 37:
    Level 38:
    Level 39:
    Level 40:
    Level 41:
       Stairs up to Vlad's Tower, level 40.
    Level 42:
       Some shops, an altar, many graves.
    Level 43:
    Level 44:
    Level 45:
    Level 46:
    Level 47:
    Level 48:
    Level 49:
    Level 50: "FAKE CASTLE"
    Level 51:
    Level 52:
    Level 53:
       A temple and an altar, many graves.
       Moloch's Sanctum.
 The Gnomish Mines: levels 5 to 12
    Level 5:
    Level 6:
       Some graves.
       Final resting place for
          magnolian-Val-Hum-Fem-Law, killed by a Woodland-elf,
          Drastanta-Bar-Hum-Mal-Neu, killed by a Woodland-elf, while frozen by a floating eye's gaze.
    Level 7:
    Level 8:
       Many shops, a temple and an altar to Loki, some fountains, some trees.
       Final resting place for
          h2g2-Ran-Elf-Fem-Cha, killed by an ape.
    Level 9:
    Level 10:
    Level 11:
    Level 12:
       A fountain.
 The Quest: levels 1 to 5
    Level 1:
       A fountain.
       Completed quest for the Norn.
    Level 2:
    Level 3:
    Level 4:
    Level 5:
 Sokoban: levels 8 up to 5
    Level 5:
       Solved.
    Level 6:
       Solved.
    Level 7:
       Solved.
    Level 8:
       Solved.
 Fort Ludios:
    Level 1:
 Vlad's Tower: levels 40 up to 38
    Level 38:
       A throne.
    Level 39:
    Level 40:


Vanquished creatures:
    Asmodeus
    Baalzebub
    Orcus
    Juiblex
the Wizard of Yendor (5 times)
    Famine (twice)
 an erinys
    Vlad the Impaler
  2 high clerics
  a mastodon
    Medusa
    Croesus
 13 krakens
  7 iron golems
  a storm giant
  2 glass golems
  6 balrogs
  6 purple worms
  2 gray dragons
  a gold dragon
  4 silver dragons
  9 red dragons
  5 white dragons
  2 orange dragons
  3 black dragons
  a blue dragon
  2 green dragons
  2 yellow dragons
 27 minotaurs
  5 jabberwocks
    Lord Surtur
  6 baluchitheria
 an Angel
  a demilich
  2 stone golems
  4 Olog-hai
  a Nazgul
  4 pit fiends
  3 sandestins
  4 hell hounds
  2 displacer beasts
  5 titanotheres
  3 trappers
  a baby red dragon
  a baby white dragon
  3 baby yellow dragons
  a genetic engineer
 25 vampire leaders
  6 skeletons
  9 aligned clerics
  2 captains
  6 shades
  2 liches
  2 clay golems
  4 nurses
  6 ice devils
  9 nalfeshnees
  a lurker above
  a frost giant
  4 ettins
 20 black puddings
 30 vampires
  6 lieutenants
 36 ghosts
  a queen bee
  3 winged gargoyles
 10 giant mimics
  5 long worms
  7 zruties
 26 fire giants
  4 ogre tyrants
  4 ice trolls
  8 rock trolls
  6 umber hulks
  8 flesh golems
  7 elven monarchs
  8 hezrous
 12 bone devils
  7 large mimics
 11 fire vortices
  a couatl
 12 stalkers
  8 air elementals
  3 fire elementals
 12 earth elementals
 14 water elementals
  7 hill giants
  6 giant mummies
 12 xorns
 14 giant zombies
  8 elf-nobles
 21 sergeants
  7 barbed devils
  9 vrocks
  8 wargs
  2 winter wolves
 26 hell hound pups
 15 small mimics
  2 glass piercers
  6 warhorses
 10 steam vortices
  4 xans
  2 ettin mummies
  5 ogre leaders
  8 quantum mechanics
 33 trolls
  4 wood golems
  8 mariliths
  a djinni
  8 sharks
  9 electric eels
 10 gelatinous cubes
  4 pyrolisks
  2 large dogs
  3 freezing spheres
 14 flaming spheres
  3 shocking spheres
  2 large cats
  6 tigers
  8 gargoyles
  a dwarf ruler
  a tengu
  7 ochre jellies
  7 leocrottas
  4 energy vortices
  3 mountain centaurs
  5 stone giants
  3 elf mummies
  7 human mummies
  5 red nagas
  2 green slimes
  8 pythons
  4 pit vipers
  3 cobras
 54 wraiths
  6 carnivorous apes
 16 ettin zombies
  2 leather golems
 16 Grey-elves
120 soldiers
  2 watchmen
  7 amorous demons
  4 horned devils
  6 chameleons
  a crocodile
 48 giant beetles
  3 quivering blobs
  5 cockatrices
  6 wolves
  4 winter wolf cubs
  3 lynxes
  a panther
  8 gremlins
  6 leprechauns
  4 orc-captains
  2 iron piercers
  5 mumakil
 12 giant spiders
  8 scorpions
  3 horses
 an ice vortex
  5 black lights
  8 vampire bats
  5 forest centaurs
  3 gnome rulers
  5 orc mummies
  3 dwarf mummies
  9 ogres
  2 brown puddings
  5 rust monsters
 15 owlbears
  7 yetis
  3 gold golems
  2 werewolves
 10 Green-elves
  5 piranha
 17 giant eels
  7 lizards
  2 chickatrices
  3 dingoes
  a dog
  3 housecats
  a jaguar
  3 blue jellies
  a gray unicorn
  2 black unicorns
  4 dust vortices
  4 ravens
  2 plains centaurs
  3 gnome mummies
  6 snakes
  6 water moccasins
 11 apes
 19 human zombies
  a rope golem
 13 Woodland-elves
 62 soldier ants
114 fire ants
 17 bugbears
  2 imps
  3 lemures
  4 quasits
  2 wood nymphs
  5 water nymphs
  2 mountain nymphs
 11 Mordor orcs
 12 Uruk-hai
  4 orc shamans
 10 rock piercers
  4 rock moles
  a pony
  7 fog clouds
  8 yellow lights
  a shrieker
  3 violet fungi
 10 gnome leaders
  3 gnomish wizards
  3 black naga hatchlings
  2 gray oozes
  a barrow wight
  8 elf zombies
 16 ghouls
  a straw golem
  8 jellyfish
  a baby crocodile
 57 giant ants
  4 little dogs
  5 floating eyes
  3 kittens
  5 dwarves
  2 homunculi
  4 kobold leaders
  a kobold shaman
 29 hill orcs
  5 rothes
  3 rabid rats
  2 centipedes
  2 giant bats
  2 monkeys
 23 orc zombies
 19 dwarf zombies
  2 wererats
  6 werejackals
  8 iguanas
 93 killer bees
  5 acid blobs
  3 coyotes
  3 gas spores
  5 manes
  a large kobold
 24 hobgoblins
  9 giant rats
  7 cave spiders
  a brown mold
  a yellow mold
  a green mold
 23 gnomes
  2 garter snakes
  6 gnome zombies
 10 geckos
 18 jackals
  2 foxes
  6 kobolds
  6 goblins
  6 grid bugs
  2 bats
  6 lichens
 17 kobold zombies
 11 newts
2176 creatures vanquished.

Genocided or extinct species:
 erinyes (extinct)
 arch-liches
 krakens
 master liches
 demiliches
 master mind flayers
 disenchanters
 liches
 mind flayers
 sharks
 electric eels
 soldiers (extinct)
 rust monsters
 piranha
 giant eels
 fire ants (extinct)
 jellyfish
14 species genocided.
3 species extinct.

Farvel BaeHund the Demigoddess...

You went to your reward with 1377292 points,
Excalibur (worth 4000 zorkmids and 10000 points)
Mjollnir (worth 4000 zorkmids and 10000 points)
The Candelabrum of Invocation (worth 5000 zorkmids and 12500 points)
The Book of the Dead (worth 10000 zorkmids and 25000 points)
The Orb of Fate (worth 3500 zorkmids and 8750 points)
The Bell of Opening (worth 5000 zorkmids and 12500 points)
       2 amulets of life saving (worth 300 zorkmids),
       1 amulet of reflection (worth 150 zorkmids),
       1 amulet of magical breathing (worth 150 zorkmids),
and 0 pieces of gold, after 33294 moves.
You were level 19 with a maximum of 248 hit points when you ascended.

